[Event "Late-Titled-Tuesday-Blitz-February-06-2024"]
[Site "Chess.com"]
[Date "2024.02.06"]
[Round "5"]
[White "ameetghasi100"]
[Black "Angry_Twin"]
[Result "0-1"]
[WhiteElo "2736"]
[BlackElo "3092"]
[TimeControl "180+1"]
[EndTime "14:56:45 PST"]
[Termination "Angry_Twin won by resignation"]

1. b3 d5 2. Bb2 Bf5 3. d3 e6 4.
Nd2 Nf6 5. g3 Be7 6. Bg2 O-O 7. h3 h6 8. e4 Bh7 9. Qe2 c5 10. Ngf3 Nc6 11. O-O a5 12. a4 Re8 13.
Rfe1 Rc8 14. Rad1 Nb4 15. Nb1 c4 16. bxc4 dxc4 17. Nc3 cxd3 18. cxd3 Nd7 19. d4 Nb6 20. Ne5 Bd6 21. Ba1 Bxe5 22. dxe5 Qe7 23. Nb5 Rc2 24. Qe3 Nc4 25. Qf4 h5 26. Nd6 Rf8 27. Bf1 Nb6 28. Bb5 Rc5 29. Qe3 Qc7 30. Qg5 Bg6 31. Bd4 Rc2 32. Be3 Rc3 33. Bd4 Rc2 34.
g4 hxg4 35. hxg4 Nd7 36. Be3 Nc5 37. Rc1 Nxe4 38. Nxe4 Bxe4 39. Rxc2 Nxc2 40. Rc1 Qc3 41. Bd2 Qb2 42. Qf4 Bg6 43. Qc4 Nd4 44. Qc3 Qxc3 45. Bxc3 Rc8 46. Bd2 Nf3+ 47. Kg2 Rxc1 48. Bxc1 Nxe5 49. Bd2 Bd3 50. Bxa5 Bxb5 51. axb5 Nc4 52.
Bb4 f5 53. Kg3 Kf7 54. Kf4 Kf6 55. gxf5 exf5 56. Kf3 g5 57. Ke2 Ke6 58. Kd3 Kd5 59. Bc3 Ne5+ 60. Ke3 Nd7 61. f3 Nc5 62. Bf6 Ne6 63.
Kd3 Kc5 64. Kc3 Kxb5 65. Kd3 Kc5 66. Be7+ Kd5 67. Bf6 b5 68. Bc3 Nc5+ 69. Kc2 Kc4 70. Bd2 Ne6 71. Kb2 Kd3 72. Bc1 Ke2 73. Kb3 Kxf3 74. Kb4 g4 75. Kxb5 g3 76. Kc4 g2 77.
Kc3 g1=Q 78. Be3 Qxe3+ 0-1

[Event "Late-Titled-Tuesday-Blitz-February-06-2024"]
[Site "Chess.com"]
[Date "2024.02.06"]
[Round "5"]
[White "ArtemDyachuk"]
[Black "Atousa"]
[Result "0-1"]
[WhiteElo "2621"]
[BlackElo "2479"]
[TimeControl "180+1"]
[EndTime "14:56:45 PST"]
[Termination "Atousa won by checkmate"]

1. e4 c5 2. Nf3 e6 3. d3 a6 4.
c4 Nc6 5. Nc3 d6 6. Be2 Nf6 7. O-O Be7 8. Be3 O-O 9. d4 cxd4 10.
Nxd4 Bd7 11. f3 Nxd4 12. Bxd4 Bc6 13. Qd2 Nd7 14. Rfd1 Rc8 15. Rac1 Ne5 16. Qe3 Ng6 17.
g3 Qe8 18. f4 b5 19. cxb5 axb5 20. Bf3 b4 21. Ne2 e5 22. Bb6 exf4 23. gxf4 Bf6 24. Bd4 Bxd4 25. Qxd4 Bb5 26. Qxd6 Rxc1 27. Nxc1 Nh4 28.
Bh1 Qc8 29. Kf2 Qh3 30. f5 Nxf5 31. exf5 Qxf5+ 32. Bf3 Bc4 33. Rd4 Be6 34. Qf4 Qc2+ 35.
Qd2 Qc7 36. Ne2 Qxh2+ 37. Ke3 Qc7 38. Qxb4 h6 39. a4 Rb8 40. Qc3 Qe5+ 41. Kf2 Qh2+ 42. Ke3 Re8 43. Re4 Rd8 44. Rd4 Re8 45. Re4 Rc8 46. a5 Rxc3+ 47. bxc3 Qd6 48. Rd4 Qa6 49.
Be4 g6 50. Ra4 Qa7+ 51. Nd4 Bd7 52. Rb4 Qxa5 53. Rc4 Be6 54. Rc6 Bd5 55. Rc8+ Kg7 56. Bd3 Be6 57. Rc6 Qe5+ 58. Kd2 Qf4+ 59. Kc2 Bd5 60.
Rc5 Qf2+ 61. Be2 Bf3 62. Kd2 Bxe2 63. Nxe2 Qxc5 64. Kd3 Qd6+ 65. Nd4 h5 66. c4 Qg3+ 67. Ke4 h4 68. c5 Qg4+ 69. Kd5 Qg2+ 70. Kd6 h3 71. c6 Qxc6+ 72. Kxc6 h2 73. Kd6 h1=Q 74. Ke7 Qe1+ 75. Kd7 Qd1 76. Ke7 Qxd4 77. Ke8 Qe5+ 78. Kd7 g5 79. Kc6 g4 80. Kd7 g3 81. Kc6 g2 82. Kd7 g1=Q 83. Kd8 Qd1+ 84. Kc8 Qc3+ 85. Kb8 Qb1+ 86. Ka8 Qa3# 0-1

[Event "Late-Titled-Tuesday-Blitz-February-06-2024"]
[Site "Chess.com"]
[Date "2024.02.06"]
[Round "5"]
[White "Orest_Vovk"]
[Black "cukricek"]
[Result "1-0"]
[WhiteElo "2584"]
[BlackElo "2394"]
[TimeControl "180+1"]
[EndTime "14:56:46 PST"]
[Termination "Orest_Vovk won by resignation"]

1. h4 d5 2. h5 e5 3. h6 Nxh6 4. d4 e4 5. Bxh6 gxh6 6. e3 c6 7. c4 Be6 8. Qb3 Qb6 9. Nc3 Nd7 10. Nh3 Bg7 11. Nf4 Nf6 12. Nh5 Nxh5 13. Rxh5 f5 14.
cxd5 cxd5 15. Qxb6 axb6 16. Bb5+ Kf7 17. Ne2 Rhc8 18.
Kd2 Rc7 19. Nf4 Rac8 20. Ba4 Bf8 21. a3 Bg7 22. Bb3 Rd8 23. Rah1 Rc6 24. Rxh6 Bxh6 25.
Rxh6 Rd7 26. Rxh7+ Ke8 27. Rh8+ Kf7 28. Rh6 Rcd6 29.
g3 Re7 30. Rh7+ Kf8 31. Rh5 Kf7 32. Nxe6 Kxe6 33. Rh6+ Kd7 34. Rh5 Rf7 35. Rh8 Ke6 36. Re8+ Re7 37. Rf8 Rf7 38. Re8+ Re7 39. Rh8 Rc6 40.
Rh6+ Kd7 41. Rh5 Ke6 42. g4 Rf7 43. Rxf5 Rxf5 44. gxf5+ Kxf5 45. Bxd5 Rc7 46. f3 exf3 47. Bxf3 Re7 48. Be2 Ke4 49. Bd3+ Kf3 50. e4 Kf4 51. e5 Rd7 52. Kc3 Ke3 53. Bc4 Rxd4 54. e6 Re4 55. Kb4 Kd4 56. Kb5 Re5+ 57. Kb4 b5 58. Bb3 b6 59.
Ba2 Kd3 60. Bb3 Kd2 61. a4 bxa4 62. Kxa4 Kc1 63. Ka3 Re2 64. Bc4 Re3+ 65. b3 Kc2 66. Kb4 Kb2 67. Kb5 Kc3 68. Kxb6 Kd4 69. Kc6 Kc3 70.
Kd7 Kb4 71. e7 Rxb3 72. Bxb3 1-0

[Event "Late-Titled-Tuesday-Blitz-February-06-2024"]
[Site "Chess.com"]
[Date "2024.02.06"]
[Round "5"]
[White "RichardLeyvaP"]
[Black "Szparu"]
[Result "1/2-1/2"]
[WhiteElo "2517"]
[BlackElo "2799"]
[TimeControl "180+1"]
[EndTime "14:56:47 PST"]
[Termination "Game drawn - insufficient material"]

1. e4 e6 2. d4 d5 3. Nc3 Nf6 4. Bg5 dxe4 5. Nxe4 Be7 6. Bxf6 gxf6 7. Qd3 Nc6 8.
O-O-O Nb4 9. Qb3 Qd5 10. Qxd5 Nxd5 11. c4 f5 12. Nc3 Nxc3 13. bxc3 b6 14. Be2 Bb7 15.
Bf3 c6 16. Ne2 O-O-O 17. Kc2 Rhg8 18. g3 Kc7 19. Nc1 c5 20. Bxb7 Kxb7 21. d5 e5 22. a4 e4 23. Rhf1 f4 24. Rde1 f5 25.
f3 fxg3 26. hxg3 Bd6 27. fxe4 Bxg3 28. Re2 fxe4 29. Rxe4 Rd7 30. Rf5 Bb8 31. Rh5 Rg2+ 32. Re2 Rg3 33. Nd3 Rdg7 34. a5 Rg1 35. axb6 axb6 36. Rf2 Bd6 37. Rh6 R1g6 38. Rh5 Re7 39. Kb3 Rg3 40. Nb2 Be5 41. Na4 Rg6 42. Ka3 Kc7 43. Rb2 Bh8 44. Rf5 Rd7 45. Rf8 Be5 46.
Kb3 Rd8 47. Rf7+ Rd7 48. Rf5 Bd6 49. Re2 Re7 50. Ref2 Rgg7 51. Rf6 Rd7 52. Re6 h5 53.
Rff6 Rh7 54. Nxb6 Kxb6 55. Rxd6+ Rxd6 56. Rxd6+ Kc7 57. Rc6+ Kb7 58. Rxc5 h4 59. Ra5 h3 60. Ra1 h2 61. Rh1 Kc7 62. Kb4 Kd6 63. Kb5 Rb7+ 64.
Ka6 Rc7 65. Kb5 Rb7+ 66. Ka6 Rc7 67. Rxh2 Rxc4 68. Rh5 Rxc3 69. Kb5 Rc5+ 70. Kb4 Rxd5 71. Rxd5+ Kxd5 1/2-1/2

[Event "Late-Titled-Tuesday-Blitz-February-06-2024"]
[Site "Chess.com"]
[Date "2024.02.06"]
[Round "5"]
[White "malakismayil"]
[Black "The_Machine04"]
[Result "1/2-1/2"]
[WhiteElo "2475"]
[BlackElo "2715"]
[TimeControl "180+1"]
[EndTime "14:56:51 PST"]
[Termination "Game drawn - insufficient material"]

1. e4 d6 2. d4 Nf6 3. Nc3 e5 4. dxe5 dxe5 5. Qxd8+ Kxd8 6. Bg5 Be6 7. f4 exf4 8. e5 h6 9. Bxf4 Nh5 10. Be3 g5 11. Be2 Nf4 12. Bf3 c6 13. Bxf4 gxf4 14.
Nge2 Nd7 15. Nxf4 Nxe5 16. O-O-O+ Kc7 17. Nxe6+ fxe6 18. Rde1 Nxf3 19. gxf3 Re8 20. Rhg1 Rh7 21. Rg6 Rf7 22. Rgxe6 Rxe6 23. Rxe6 Rxf3 24. Ne4 Rf1+ 25. Kd2 Rh1 26. Rf6 Rxh2+ 27. Kd3 Rh3+ 28. Kd2 Be7 29. Rf7 Kd8 30. Rh7 h5 31. a4 h4 32.
b3 Rh2+ 33. Kd3 Rg2 34. Nd2 Rg3+ 35. Ke4 Rc3 36. Nf3 Rxc2 37. Nd4 Rc1 38. Nf5 Re1+ 39. Kf4 Rf1+ 40. Ke4 Bg5 41. Rxb7 Re1+ 42. Kf3 a5 43. Rh7 Rb1 44. Kg4 Bd2 45. Nd4 c5 46. Nc6+ Ke8 47.
Re7+ Kf8 48. Rd7 Bb4 49. Rd3 Be1 50. Ne5 Rc1 51. Nf3 Bg3 52. Nxh4 Bxh4 53. Kxh4 Ke7 54. Kg3 Rf1 55. Kg2 Rf4 56. Kg3 Rf5 57. Kg4 Rf1 58. Kg3 Ke6 59. Kg2 Rf4 60. Kg3 Rf5 61. Rd8 Rf1 62. Ra8 Rb1 63. Rxa5 Rxb3+ 64. Kf4 Kd5 65.
Ra8 Kd4 66. a5 Ra3 67. a6 c4 68. a7 Kc3 69. Ke5 Ra5+ 70. Kd6 Kd3 71. Kc6 Kc2 72.
Kb6 Ra1 73. Rc8 c3 74. a8=Q Rxa8 75. Rxa8 Kb2 76. Rc8 c2 77. Ka5 c1=Q 78. Rxc1 Kxc1 1/2-1/2

[Event "Late-Titled-Tuesday-Blitz-February-06-2024"]
[Site "Chess.com"]
[Date "2024.02.06"]
[Round "5"]
[White "Hamisandwich"]
[Black "Konavets"]
[Result "0-1"]
[WhiteElo "2739"]
[BlackElo "3113"]
[TimeControl "180+1"]
[EndTime "14:56:55 PST"]
[Termination "Konavets won by checkmate"]

1. c3 g6 2. g3 Bg7 3. Bg2 Nh6 4. d4 O-O 5. Nd2 d6 6. Nc4 c6 7. Nf3 Be6 8. Qd3 Nd7 9. Ng5 Bxc4 10.
Qxc4 d5 11. Qb3 e5 12. Qxb7 exd4 13. cxd4 Nf5 14. Nf3 Nxd4 15. Nxd4 Bxd4 16. O-O Ne5 17. Qb4 Qb6 18. Qxb6 axb6 19. e3 Bc5 20. Bd2 Nc4 21. Bc3 b5 22. b3 b4 23. Bf6 Nb6 24. Rfc1 Nd7 25. Bd4 Ra5 26. Rc2 Rfa8 27. Rac1 Bxd4 28. exd4 Nb8 29. Re1 Kf8 30. Ree2 R8a7 31. h4 h5 32. Bh3 Re7 33. Kf1 Ke8 34. f3 Kd8 35. g4 hxg4 36. fxg4 Raa7 37. h5 Rxe2 38. Kxe2 Ke7 39. hxg6 fxg6 40.
g5 Kd6 41. Kd3 Rh7 42. Bg4 Rh4 43. Rg2 Na6 44. Be2 c5 45. Kd2 Rxd4+ 46. Ke1 Nc7 47. Rf2 Ne6 48. Rf6 Ke5 49. Rxg6 Re4 50. Rg8 Kf4 51. Re8 Kxg5 52. Kd2 Rd4+ 53. Kc1 Nf4 54. Bf1 Kg4 55. Rf8 Kf3 56. Bb5 Ke3 57. Re8+ Re4 58. Rxe4+ Kxe4 59. Kd2 Kd4 60. Bc6 Ng6 61. Kc2 Ne5 62.
Bb7 Ng4 63. Kb2 Ne3 64. a4 Nd1+ 65. Kc2 Nc3 66. a5 Nb5 67. Bc6 Nc7 68. Bb7 c4 69. a6 Nb5 70. Bc6 Na7 71. Bd7 c3 72. Kd1 Ke3 73.
Kc2 d4 74. Bf5 Nb5 75. Bd7 d3+ 76. Kc1 d2+ 77. Kd1 Nd4 78. Bf5 Nxf5 79. a7 Nd4 80.
a8=Q c2# 0-1

[Event "Late-Titled-Tuesday-Blitz-February-06-2024"]
[Site "Chess.com"]
[Date "2024.02.06"]
[Round "5"]
[White "Oleksandr_Bortnyk"]
[Black "Mops_2004"]
[Result "1/2-1/2"]
[WhiteElo "3073"]
[BlackElo "2733"]
[TimeControl "180+1"]
[EndTime "14:56:59 PST"]
[Termination "Game drawn by repetition"]

1. e4 g6 2. d4 Bg7 3. Nc3 d6 4. Be3 a6 5. f4 b5 6. Bd3 Nd7 7. e5 Bb7 8. Be4 Bxe4 9. Nxe4 Nh6 10. Nf3 O-O 11. O-O Nb6 12. Qe2 Qd7 13. Rad1 Qc6 14. Ng3 e6 15. c3 Nf5 16. Nxf5 exf5 17. h4 h5 18. Ng5 Rae8 19. d5 Nxd5 20. Qf3 Ne7 21.
exd6 cxd6 22. Qxc6 Nxc6 23. Rxd6 Rxe3 24. Rxc6 a5 25. Rf3 Re1+ 26. Kf2 Rb1 27. b3 Rb2+ 28. Kg3 Rxa2 29. Rb6 Rc2 30. Rxb5 Bxc3 31. Rd3 Be1+ 32. Kh3 Rfc8 33. Nf3 Bb4 34. Rb7 R2c7 35. Rxc7 Rxc7 36. Kg3 Rc3 37. Rxc3 Bxc3 38. Kf2 Kf8 39. Ke3 Ke7 40.
Kd3 Bb4 41. Kc4 Bd6 42. g3 Bb4 43. Kd5 f6 44. Kc6 Ke6 45. Nd4+ Ke7 46. Nc2 Bd2 47. Nd4 Be1 48. Ne2 Ke6 49. Nd4+ Ke7 50. Ne2 Bd2 51. Kd5 Kd7 52. Nd4 Bc3 53. Nc2 Ke7 54. Kc4 Bb2 55. Kb5 Bc3 56. Kc4 Bd2 57. Kd3 Bc1 58. Kc3 Kd6 59. Kd4 Kc6 60. Kc4 Bb2 61. Ne3 Kd6 62. Nd5 Ke6 63. Nc7+ Kf7 64. Nd5 Bc1 65. Kd3 Ba3 66. Ne3 Bc5 67. Nd1 Ke6 68. Kc4 Kd6 69.
Nc3 Bf2 70. Ne2 Kc6 71. Nd4+ Kd6 72. Ne2 Be1 73. Kd4 Kc6 74. Kc4 Kb6 75. Kd4 Kb5 76.
Kd3 Kb4 77. Kc2 Bf2 78. Kb2 Be3 79. Kc2 Bf2 80. Kb2 Kc5 81. Kc3 Kd5 82. Kd3 Be1 83. Ke3 Kc5 84. Kd3 Kb4 85. Kc2 Bf2 1/2-1/2

[Event "Late-Titled-Tuesday-Blitz-February-06-2024"]
[Site "Chess.com"]
[Date "2024.02.06"]
[Round "5"]
[White "Mackster23"]
[Black "DraningWaterHi"]
[Result "0-1"]
[WhiteElo "2743"]
[BlackElo "2224"]
[TimeControl "180+1"]
[EndTime "14:57:02 PST"]
[Termination "DraningWaterHi won by checkmate"]

1. e4 c5 2. Nf3 d6 3. d4 cxd4 4.
Nxd4 Nf6 5. Nc3 e5 6. Bb5+ Nbd7 7. Nf5 a6 8. Bxd7+ Qxd7 9. Bg5 Nxe4 10. Nxg7+ Bxg7 11.
Nxe4 d5 12. Bf6 dxe4 13. Bxg7 Rg8 14. Bxe5 Qxd1+ 15. Rxd1 Rxg2 16. Bg3 Bg4 17. Rd4 Bf3 18. Rf1 Rd8 19. Rxd8+ Kxd8 20. Kd2 h5 21. h4 Kd7 22. Ke3 Ke6 23. c4 f5 24. Rc1 Kd7 25. b4 Kc6 26. a4 Bg4 27. c5 Bf3 28. Rb1 Bg4 29. Kf4 Bf3 30. Rc1 Bg4 31. Ke5 e3 32. b5+ axb5 33. axb5+ Kxb5 34. Rc2 exf2 35. Bxf2 Kc6 36. Kd4 f4 37. Rd2 f3 38. Ke3 Rh2 39. Rc2 Rh1 40. Kf4 Rf1 41. Kg3 Rd1 42. Rb2 Rd7 43. Rb6+ Kd5 44.
Rb4 Rc7 45. Rd4+ Ke6 46. Re4+ Kf5 47. Rd4 Ke5 48. Rd6 Rc6 49. Rd8 Ke4 50. Re8+ Kd3 51. Re3+ Kd2 52. Re5 Kd3 53. Kf4 Rf6+ 54. Kg5 Rc6 55.
Rd5+ Ke2 56. Bg3 f2 57. Re5+ Kf1 58. Rd5 Kg2 59. Bxf2 Kxf2 60. Kf4 Rf6+ 61. Ke5 Rf5+ 62. Kd6 Rxd5+ 63. Kxd5 Bf3+ 64. Ke5 Bc6 65. Kf4 Kg2 66. Kg5 Bf3 67. Kf4 Bc6 68. Kg5 Bf3 69. Kf4 Kf2 70. Kf5 Kg3 71. Kg5 Kh3 72. Kf4 Bg4 73. Kg5 Kg3 74. Kf6 Kxh4 75. Ke5 Bf3 76. Kd6 Bc6 77. Kc7 Kg3 78. Kb6 h4 79. Ka5 h3 80. Kb4 h2 81.
Ka5 h1=Q 82. Kb6 Qh7 83. Ka5 Qd7 84. Kb6 Qd5 85. Kc7 Qxc5 86. Kd8 Qd6+ 87. Kc8 Qe6+ 88. Kc7 b5 89. Kb6 b4 90. Kc5 b3 91. Kd4 b2 92. Kc5 b1=Q 93. Kd4 Qbe4+ 94. Kc3 Q6c4+ 95. Kb2 Qec2+ 96. Ka3 Q4a4# 0-1

[Event "Late-Titled-Tuesday-Blitz-February-06-2024"]
[Site "Chess.com"]
[Date "2024.02.06"]
[Round "5"]
[White "BogdanDeac"]
[Black "chenxiaoyuer"]
[Result "1-0"]
[WhiteElo "3006"]
[BlackElo "2763"]
[TimeControl "180+1"]
[EndTime "14:57:03 PST"]
[Termination "BogdanDeac won by checkmate"]

1. d4 Nf6 2. Nf3 g6 3. Nbd2 c5 4. dxc5 Qa5 5. a3 Qxc5 6. b4 Qc7 7. Bb2 Bg7 8. g3 O-O 9. Bg2 b6 10. O-O Bb7 11. c4 d6 12. Rc1 Nbd7 13. Re1 Ne4 14.
Bxg7 Kxg7 15. Nb3 a5 16. Nfd4 axb4 17. axb4 Nef6 18. e4 Ne5 19. Nb5 Qb8 20. Qd4 Ra4 21. Qc3 Nc6 22. Ra1 Rxb4 23. N3d4 Rxb5 24. cxb5 Ne5 25.
Qa3 Rc8 26. Qa7 Qc7 27. Qa3 Qc5 28. Qxc5 dxc5 29. Nc2 Nd3 30. Re3 c4 31. Ra7 Nc5 32. e5 Nd5 33. Re1 Rd8 34. f4 Nd3 35. Rxb7 Nxe1 36.
Nxe1 Ne3 37. Kf2 Ng4+ 38. Ke2 c3 39. Nd3 Nxh2 40. Rc7 Rd4 41. Rxc3 Ra4 42. Rc2 Ng4 43. Bf3 Nh2 44. Bc6 Ra3 45. Rd2 h5 46. Kf2 Ng4+ 47. Ke2 Rc3 48. Rb2 Rc4 49. Ra2 f6 50. Bf3 g5 51.
exf6+ Kxf6 52. Bxg4 hxg4 53. fxg5+ Kxg5 54. Ra6 Re4+ 55.
Kd2 Re6 56. Ra4 Rd6 57. Rb4 e5 58. Ke3 Kf5 59. Nf2 Rd5 60. Nxg4 Rd1 61. Nf2 Rg1 62.
Kf3 Rc1 63. g4+ Ke6 64. Rb3 Rc4 65. Ne4 Rc1 66. Rd3 Rf1+ 67. Ke3 Rb1 68. Rd6+ Ke7 69.
Rxb6 Rb3+ 70. Ke2 Kf7 71. Kd2 Rb4 72. Kd3 Rd4+ 73. Ke3 Rb4 74. g5 Kg7 75. Re6 Rb3+ 76. Ke2 Rxb5 77. Kf3 Rd5 78. Kg4 Rd1 79. Kf5 Rf1+ 80.
Kxe5 Rf3 81. Ra6 Rf1 82. Rb6 Rf3 83. Rc6 Rf1 84. Ng3 Re1+ 85. Kf4 Kf7 86. g6+ Kg8 87. Nf5 Re8 88. Kg5 Ra8 89. Rf6 Rb8 90. Nh6+ Kg7 91. Nf5+ Kh8 92. Kh6 Rc8 93. Ne7 Rg8 94. g7+ Rxg7 95.
Rf8+ Rg8 96. Rxg8# 1-0

[Event "Late-Titled-Tuesday-Blitz-February-06-2024"]
[Site "Chess.com"]
[Date "2024.02.06"]
[Round "5"]
[White "CaspiIsrael"]
[Black "OparinGrigoriy"]
[Result "1/2-1/2"]
[WhiteElo "2686"]
[BlackElo "2985"]
[TimeControl "180+1"]
[EndTime "14:57:03 PST"]
[Termination "Game drawn by repetition"]

1. d4 a6 2. e4 c6 3. Bd3 d5 4.
e5 c5 5. c3 Nc6 6. Ne2 Bg4 7. f3 Bh5 8. Nf4 Bg6 9. Bxg6 hxg6 10. e6 cxd4 11. cxd4 Qd6 12. Nc3 fxe6 13. Nxg6 Rh7 14.
Bf4 Qb4 15. Be3 Kf7 16. Nf4 Qd6 17. Qd3 Nf6 18. O-O-O Kg8 19. Kb1 e5 20. dxe5 Nxe5 21. Qf5 Nc4 22. Nfxd5 Nxd5 23. Nxd5 e6 24. Nf6+ gxf6 25.
Qg4+ Rg7 26. Qxc4 Qc6 27. Qxc6 bxc6 28. g4 Rb8 29. Rd2 a5 30. h4 a4 31. h5 Rgb7 32.
Rc1 Ba3 33. Rcc2 e5 34. Kc1 Bb4 35. Rd3 Be7 36. Rdd2 Rc8 37. Rc4 a3 38. b3 Kf7 39.
Rdc2 f5 40. Rxc6 Rg8 41. Rc7 Rxc7 42. Rxc7 Ke6 43. Rc6+ Kd5 44. Rg6 Rc8+ 45. Kd1 fxg4 46.
fxg4 Ke4 47. Bd2 Kf3 48. g5 Rd8 49. Kc2 Rc8+ 50. Kb1 Rd8 51. Bc1 e4 52. Re6 Bb4 53. g6 Rd1 54. Kc2 Rg1 55. h6 Rg2+ 56. Kd1 Rg1+ 57.
Kc2 Rg2+ 58. Kb1 Rg1 59. h7 Bc3 60. Rc6 Bb2 61. Rc2 e3 62. Rxb2 axb2 63. Kxb2 e2 64. h8=Q e1=Q 65. Qf8+ Kg4 66. Qc8+ Kh5 67. Qf5+ Kh4 68.
Qf4+ Kh3 69. g7 Rxg7 70. Qh6+ Qh4 71. Qxg7 Qf2+ 72. Ka3 Qc5+ 73. Kb2 Qf2+ 74. Kb1 Qf5+ 75. Ka1 Qc2 76. Qb2 Qd3 77. a4 Qd6 78. Ka2 Qd5 79. Qa3 Kg2 80. Qb2+ Kh1 81. Ka3 Qc5+ 82. b4 Qc4 83. b5 Qc5+ 84. Ka2 Qc4+ 85. Ka1 Qxa4+ 86. Kb1 Qe4+ 87. Ka2 Qa4+ 88. Kb1 Qe4+ 89. Qc2 Qb4+ 90.
Qb2 Qe4+ 1/2-1/2

[Event "Late-Titled-Tuesday-Blitz-February-06-2024"]
[Site "Chess.com"]
[Date "2024.02.06"]
[Round "5"]
[White "rasmussvane"]
[Black "Karttunen"]
[Result "1/2-1/2"]
[WhiteElo "2951"]
[BlackElo "2649"]
[TimeControl "180+1"]
[EndTime "14:57:15 PST"]
[Termination "Game drawn by repetition"]

1. Nf3 Nf6 2. g3 d5 3. Bg2 e6 4.
O-O Be7 5. c4 d4 6. e3 c5 7.
exd4 cxd4 8. d3 h6 9. Re1 Nc6 10.
a3 a5 11. Bf4 O-O 12. Ne5 Nxe5 13. Bxe5 Bc5 14. Bxf6 Qxf6 15. Nd2 Qd8 16. Rc1 a4 17. Qc2 Ra5 18. b4 axb3 19. Nxb3 Bxa3 20. Nxa5 Bxc1 21.
Nxb7 Bxb7 22. Bxb7 Ba3 23. c5 Qa5 24. Rd1 Qxc5 25.
Qe2 Bb4 26. Be4 Rc8 27. Rb1 Qe7 28. Kg2 Bd6 29. h4 Qf6 30. Rb6 Be5 31. Rb5 Bd6 32. Ra5 Rb8 33. Ra6 Bc7 34. Rc6 Qd8 35. Qc2 Bd6 36.
Qe2 Be7 37. h5 Bf6 38. Rc2 Qd6 39. Rc6 Qd8 40. Qc2 Qa5 41. Rc5 Qd8 42. Qc1 Qd6 43. Rc6 Qd8 44. Rc4 Qd6 45. Qd1 Qd8 46. Qf3 Rc8 47. Ra4 Qd6 48. Ra7 Rf8 49. Qd1 Qe5 50.
Rb7 Qd6 51. Qf3 Qe5 52. Ra7 Qd6 53. Ra5 Qc7 54. Rb5 Qd7 55. Bc6 Qd6 56. Rb7 Qc5 57. Be4 Qd6 58. Qg4 Qe5 59. Bf3 Qf5 60. Qxf5 exf5 61.
Rb5 g6 62. hxg6 fxg6 63. Rb7 Kh8 64. Bd5 Bg7 65. Kf3 g5 66. Be6 f4 67. g4 Re8 68.
Bf5 Kg8 69. Rd7 Re1 70. Be4 Bf8 71. Bd5+ Kh8 72. Bc4 Re7 73. Rxd4 Kg7 74. Rd5 Re1 75. Rd7+ Re7 76. Rd8 Rc7 77. Bd5 Be7 78. Re8 Bf8 79. Be4 Re7 80. Rc8 Rd7 81. Rc6 Rd6 82. Rc7+ Kf6 83. Rh7 Bg7 84. Ke2 Rd8 85. Kf3 Rh8 86. Rxh8 Bxh8 87. d4 Ke6 88. d5+ Ke5 89. d6 Kxd6 90. Bg6 Ke5 91. Kg2 Kd4 92. f3 Be5 93. Bh5 Ke3 94. Bg6 Bd4 95. Bh5 Bc3 96. Bg6 Bd2 97.
Bh5 Bc3 98. Bg6 Bd2 99. Bh5 Bc3 1/2-1/2

[Event "Late-Titled-Tuesday-Blitz-February-06-2024"]
[Site "Chess.com"]
[Date "2024.02.06"]
[Round "5"]
[White "YurasovMat-2012"]
[Black "Msb2"]
[Result "1/2-1/2"]
[WhiteElo "2687"]
[BlackElo "2987"]
[TimeControl "180+1"]
[EndTime "14:57:22 PST"]
[Termination "Game drawn - insufficient material"]

1. e4 e6 2. d3 d5 3. Nd2 Nf6 4. Ngf3 Be7 5. g3 a5 6. Bg2 a4 7. a3 c5 8. O-O Nc6 9. Re1 h6 10. c3 O-O 11. Qc2 Qc7 12. Nf1 b5 13. Bf4 Qb6 14.
Rad1 Bb7 15. exd5 Nxd5 16. Bc1 b4 17. Ne3 Nxe3 18. Bxe3 bxa3 19. bxa3 Qc7 20. Nd2 Na5 21. Bf4 Qc8 22. Bxb7 Qxb7 23. Qxa4 Nc6 24. Qc2 Rxa3 25.
Nc4 Ra6 26. Rb1 Qd7 27. Qe2 Bf6 28. Ne5 Bxe5 29. Bxe5 Rd8 30. Red1 Qd5 31. Bf4 Ra2 32. Qe4 g5 33. Be3 Ne5 34. Qxd5 Rxd5 35. c4 Rxd3 36.
Rxd3 Nxd3 37. Rb8+ Kg7 38. Rd8 Ra3 39. Kf1 Kg6 40. Ke2 Ne5 41. Rg8+ Kf5 42. Rf8 Ra2+ 43.
Kf1 Ke4 44. Kg2 Ra5 45. Rc8 Nd3 46. Rh8 g4 47. h3 Ne1+ 48. Kh2 Nf3+ 49. Kg2 gxh3+ 50.
Kxh3 Ne5 51. Rxh6 Nxc4 52. Rh4+ Kd3 53. Bh6 Nd6 54. Bf8 Nf5 55. Rh7 Ra7 56. Bxc5 Rc7 57. Bf8 Ke4 58. Kg2 Nd4 59. Rh4+ Kd5 60. Rh5+ e5 61. Bg7 Nc6 62. Bxe5 Nxe5 63. f4 f6 64. fxe5 fxe5 65. Kf3 Rc3+ 66. Kf2 Kd4 67. Rh8 Rc2+ 68. Kf3 e4+ 69. Kf4 Rf2+ 70. Kg4 e3 71. Rd8+ Kc3 72.
Rc8+ Kd2 73. Rd8+ Kc1 74. Rc8+ Kd1 75. Rd8+ Rd2 76. Re8 e2 77. Kf5 Rd5+ 78. Kf4 Rd4+ 79. Kf5 Rd5+ 80. Kf4 e1=Q 81. Rxe1+ Kxe1 82. g4 Kf2 83. g5 Rd4+ 84. Ke5 Ra4 85. g6 Ke3 86. g7 Rg4 87. Kf6 Kd4 88. Kf7 Ke5 89. g8=Q Rxg8 90.
Kxg8 1/2-1/2

[Event "Late-Titled-Tuesday-Blitz-February-06-2024"]
[Site "Chess.com"]
[Date "2024.02.06"]
[Round "5"]
[White "CarrotsandPizza"]
[Black "ritanovikova"]
[Result "1/2-1/2"]
[WhiteElo "2519"]
[BlackElo "2228"]
[TimeControl "180+1"]
[EndTime "14:57:36 PST"]
[Termination "Game drawn by repetition"]

1. e4 d5 2. exd5 Qxd5 3. c4 Qd6 4. d4 Nf6 5. Be2 c6 6. Nf3 Bg4 7. Qb3 Qc7 8. Bf4 Qb6 9. Nc3 Qxb3 10. axb3 e6 11.
Bxb8 Rxb8 12. Rxa7 Bb4 13. Ne5 Bxe2 14. Kxe2 Nd7 15.
f4 Nxe5 16. fxe5 O-O 17. Rd1 Rfd8 18. Ne4 Kf8 19. Rd3 h6 20. h4 Ke7 21. h5 Rd7 22. Ra4 c5 23. dxc5 Rxd3 24. Kxd3 Rd8+ 25. Ke3 Be1 26. Ra7 Rd7 27. Nd6 Bb4 28. Rxb7 Bxc5+ 29. Ke4 Bxd6 30. exd6+ Kxd6 31. Rb6+ Kc7 32. Ra6 Kb7 33. Ra2 Rd2 34. g4 Rg2 35. Kf3 Rh2 36. Kg3 Rd2 37. Kf4 Rd3 38. Ra3 Rd2 39. Ra2 Rd3 40. b4 Rd4+ 41.
Ke5 Rxc4 42. Kd6 Rxg4 43. Ke7 Rf4 44. Ra3 Kb6 45. Rg3 g5 46. hxg6 fxg6 47. Rxg6 Rxb4 48. Rxe6+ Kc5 49. Re2 h5 50. Kf6 h4 51. Kg5 h3 52.
Kh5 Rb3 53. Rh2 Kc4 54. Kh4 Kb4 55. Kg4 Kc4 56. Kh4 Kb4 57. Kg4 Kc4 58. Rxh3 Rxb2 59. Rh4 Rg2+ 60. Kf5+ Kc3 61. Ke4 Re2+ 62. Kf3 Re8 63.
Rh6 Re7 64. Kf2 Re8 65. Rh7 Re6 66. Kf3 Re8 67. Rh6 Re1 68. Kf2 Re8 69. Rh5 Re6 70.
Kf3 Re8 71. Rh7 Re6 72. Kf2 Re8 73. Rh6 Re7 74. Kg3 Re5 75. Rd6 Re8 76. Kf4 Kc4 77. Kf5 Kc5 78. Rd1 Re2 79. Kf6 Re8 80. Kg5 Re2 81.
Kg6 Re8 82. Rd2 Re1 83. Kf5 Re8 84. Rd1 Re2 85. Kf6 Re8 86. Kf7 Re2 87. Kg7 Re8 88.
Kg6 Re2 89. Rd8 Re7 90. Kf5 Re2 91. Kf6 Re3 92. Rc8+ Kd6 93. Rc2 Re1 94. Rd2+ Kc5 95. Kf5 Re8 96. Rd1 1/2-1/2

[Event "Late-Titled-Tuesday-Blitz-February-06-2024"]
[Site "Chess.com"]
[Date "2024.02.06"]
[Round "5"]
[White "Rsnr"]
[Black "Malev212"]
[Result "0-1"]
[WhiteElo "2895"]
[BlackElo "2675"]
[TimeControl "180+1"]
[EndTime "14:57:44 PST"]
[Termination "Malev212 won by resignation"]

1. d4 g6 2. c4 Bg7 3. Nf3 d6 4.
Nc3 c5 5. dxc5 dxc5 6. Qxd8+ Kxd8 7. g3 Bd7 8. Bg2 Bxc3+ 9. bxc3 Bc6 10. Bf4 Nd7 11.
O-O-O Ke8 12. h4 f6 13. Bh3 Nb6 14. Be3 Nxc4 15. Bxc5 Nh6 16. Be6 Nb6 17. Rd2 Bd7 18.
Bb3 Rc8 19. Bb4 Nc4 20. Rd4 Bb5 21. a4 Ba6 22. Rhd1 Nf5 23. Rd5 Nfd6 24. Nd4 Kf7 25. Bxd6 exd6 26. Rxd6 Kg7 27. Rd7+ Kh6 28. Kb1 Rhe8 29.
e3 Ne5 30. Rd6 Rxc3 31. Rxf6 Nc6 32. Nf5+ Kh5 33. Bf7 Re5 34. f3 Rxf5 35. Rxf5+ Kh6 36. Rf4 Rxe3 37. Bd5 Ne5 38. g4 Bd3+ 39. Kb2 Kg7 40.
g5 Bf5 41. Rfd4 Nd3+ 42. Ka1 Nc5 43. f4 b6 44. Kb2 Re2+ 45. R1d2 Re3 46. Bc6 Nd3+ 47.
Ka1 Kf7 48. Bd5+ Ke7 49. Bc4 Nb4 50. a5 Nc2+ 51. Rxc2 Bxc2 52. axb6 axb6 53. Bg8 Bf5 54. Bxh7 Rh3 55. Bg8 Rxh4 56. Kb2 Rh2+ 57. Kc3 Rf2 58. Kb4 Rf3 59. Bc4 Rf2 60. Kc3 Rf3+ 61. Kd2 Rf2+ 62.
Ke3 Rb2 63. Bd5 Rb1 64. Bf3 Re1+ 65. Kd2 Rb1 66. Ra4 Rb2+ 67. Ke3 Rb3+ 68. Kf2 b5 69. Ra7+ Kd6 70. Ra6+ Kc5 71. Rf6 b4 72. Be2 Ra3 73. Rf8 b3 74. Rb8 Kd4 75. Bf3 Ra2+ 76. Kg3 b2 77.
Bd1 b1=Q 78. Rxb1 Bxb1 79. Bb3 Rd2 80. Bf7 Bf5 81. Kh4 Ke3 82. Kg3 Rd1 83. Kg2 Rd2+ 84. Kg3 Rf2 85. Bd5 Rxf4 86. Bc6 Rg4+ 87. Kh2 Kf4 88.
Kh1 Rg3 89. Kh2 Kg4 90. Bg2 Kh4 91. Bf1 Rxg5 92. Be2 Be4 93. Bf1 Rg3 0-1